[Event "Italian-ch Semifinal 2022"]
[Site "Acqui Terme"]
[Date "2022.06.15"]
[Round "1.1"]
[White "Garofalo, Simone"]
[Black "Lettieri, Giuseppe"]
[Result "0-1"]
[ECO "B11"]
[WhiteElo "2108"]
[BlackElo "2445"]
[Annotator "RC"]
[PlyCount "126"]
[EventDate "2022.06.15"]
[EventType "swiss"]
[EventCountry "ITA"]
[SourceTitle "playchess.com"]
[Source "ChessBase"]
[SourceQuality "1"]
[TimeControl "40/5400+30:1800+30"]

1. e4 c6 2. Nc3 d5 3. Nf3 Bg4 4. h3 Bxf3 5. Qxf3 e6 6. Be2 Nf6 7. O-O Nxe4 8. Nxe4 dxe4 9. Qxe4 Qd5 10. Qg4 h5 11. Qa4 Qe5 12. Bd1 b5 13. d4 Qd6 14. Qb3 Qxd4 15. a4 b4 16. Bf3 Qe5 17. g3 g5 18. Bd2 Bc5 19. Bg2 h4 20. g4 a5 21. Rae1 Qf6 22. c3 O-O 23. Kh1 Rd8 24. Bc1 e5 25. Qc4 Nd7 26. Be3 Be7 27. cxb4 Bxb4 28. Rd1 Rac8 29. Be4 Nf8 30. Bf5 Rb8 31. Qc1 Be7 32. Rxd8 Rxd8 33. Rd1 Rb8 34. Bd2 Ne6 35. Qxc6 Rxb2 36. Be3 Nd4 37. Qxf6 Bxf6 38. Bd7 Kf8 39. Kg2 Nc2 40. Kf3 Be7 41. Rd5 Nxe3 42. Kxe3 Rb3+ 43. Rd3 Rb1 44. Kf3 Bc5 45. Rd5 Bd4 46. Rxa5 Rb3+ 47. Kg2 Rb2 48. Bc6 Rxf2+ 49. Kh1 Rc2 50. Be4 Rc3 51. Kg2 Rg3+ 52. Kh2 Bg1+ 53. Kh1 Bb6 54. Ra8+ Ke7 55. Kh2 Bg1+ 56. Kh1 Bf2 57. Kh2 Re3 58. Bd5 e4 59. Kg2 Bg3 60. a5 Re2+ 61. Kg1 e3 62. a6 Re1+ 63. Kg2 e2 0-1

[Event "Italian-ch Semifinal 2022"]
[Site "Acqui Terme"]
[Date "2022.06.15"]
[Round "1.2"]
[White "Barp, Alberto"]
[Black "Perossa, Nicolas"]
[Result "1-0"]
[ECO "E69"]
[WhiteElo "2384"]
[BlackElo "2139"]
[Annotator "TA"]
[PlyCount "85"]
[EventDate "2022.06.15"]
[EventType "swiss"]
[EventCountry "ITA"]
[SourceTitle "playchess.com"]
[Source "ChessBase"]
[SourceQuality "1"]
[TimeControl "40/5400+30:1800+30"]

1. d4 Nf6 2. c4 g6 3. g3 Bg7 4. Bg2 O-O 5. Nc3 d6 6. Nf3 c6 7. O-O Nbd7 8. e4 e5 9. Be3 exd4 10. Nxd4 Re8 11. h3 Nc5 12. Qc2 a5 13. Rad1 Qe7 14. Rfe1 Be6 (14... Ncxe4 $2 15. Bc1 $18) 15. b3 {[%emt 0:05:09] E69: King's Indian: Fianchetto: 6...Nbd7 7 0-0 e5 8 e4 c6 9 h3.} Qc7 16. f4 Bd7 17. Bf2 {[%emt 0:04:00] [#] White is better.} Rab8 $146 ({Predecessor:} 17... Rad8 18. a3 Bf8 19. b4 axb4 20. axb4 Na6 21. Qb2 Bg7 22. Qb3 h5 23. Kh1 Qc8 {1-0 (91) Volkov,M (2163)-Azjargal,E (1684) Tornelo INT 2021}) 18. Nf3 Nh5 19. Nd4 ({White should play} 19. e5 $1 $16 Bf8 20. Bxc5 dxc5 21. Qf2) 19... b5 $2 (19... Nf6 $1 $11) 20. cxb5 $18 cxb5 21. Nd5 Qc8 {[%emt 0:03:23] [#]} 22. Kh2 (22. e5 $1 $18 {[%cal Re5d6] is the precise move to win.} dxe5 23. fxe5) 22... Be6 (22... Nf6 $16) 23. Nxe6 fxe6 24. Ne3 Qc7 25. Ng4 Rbc8 26. e5 {[%emt 0:02:02] Inhibits Nf6.} (26. Rc1 $18) 26... d5 $16 27. Rc1 {[%emt 0:00:07][%cal Rc2c5] White is more active.} Bf8 28. Bd4 $36 {[%emt 0:01:16][%mdl 2048] Black is under strong pressure.} Qd7 29. Qe2 {[%emt 0:01:04] Against Ne4} ({Of course not} 29. Bxc5 $6 Bxc5 30. Qd3 Bb4 $11) 29... a4 30. bxa4 Nxa4 31. Rxc8 ({Better is} 31. Qe3) 31... Rxc8 32. Nf6+ Nxf6 33. exf6 {[%emt 0:00:30] Black must now prevent Qe5.} Kf7 $2 {[%emt 0:01:03] [#]} (33... Rc4 $14 34. Qe5 Kf7) 34. h4 $2 ({White has to play} 34. f5 $1 $18 exf5 35. Qf3) 34... Nc3 $1 $11 35. Qd3 {[%emt 0:00:00] The board is on fire.} Ne4 36. Be5 Qc6 $2 (36... Nxf6 $11 37. Bxf6 Kxf6) 37. Rxe4 $18 ({Not} 37. Bxe4 dxe4 38. Qd4 (38. Rxe4 Qc2+ 39. Qe2 Rc4 $11) (38. Qxe4 Qxe4 39. Rxe4 Rc2+ 40. Kh3 Rxa2 $11) 38... h5 $14) 37... dxe4 38. Bxe4 Qe8 39. h5 {[%emt 0:00:00] White mates.} Kg8 40. hxg6 hxg6 41. Bxg6 {[%emt 0:00:00] A strong pair of Bishops.} Rd8 42. f7+ Qxf7 43. Bxf7+ {[%emt 0:00:00] Weighted Error Value: White=0.42/Black=0.51} 1-0

[Event "Italian-ch Semifinal 2022"]
[Site "Acqui Terme"]
[Date "2022.06.15"]
[Round "1.3"]
[White "Caprino, Marco"]
[Black "Genocchio, Daniele"]
[Result "0-1"]
[ECO "B12"]
[WhiteElo "2071"]
[BlackElo "2365"]
[Annotator "TA"]
[PlyCount "102"]
[EventDate "2022.06.15"]
[EventType "swiss"]
[EventCountry "ITA"]
[SourceTitle "playchess.com"]
[Source "ChessBase"]
[SourceQuality "1"]
[TimeControl "40/5400+30:1800+30"]

1. e4 c6 2. d4 d5 3. f3 e6 4. Nc3 Bb4 5. Qd3 b6 6. a3 {[%emt 0:02:07] B12: Caro-Kann: Advance Variation.} Ba6 7. Qe3 {[%emt 0:00:05] [#]} Bxf1 $146 ({Predecessor:} 7... Bxc3+ 8. Qxc3 Bxf1 9. Kxf1 Ne7 10. Bg5 O-O 11. g4 Nd7 12. e5 c5 13. f4 Rc8 {0-1 (23) Fevolden,M-Hole,O (2386) Oslo 2010}) 8. Kxf1 {[%emt 0:00:18] Black is slightly better.} Bf8 (8... Bxc3 $5 9. Qxc3 dxe4 $11) 9. Nge2 Ne7 10. Bd2 Nd7 11. Be1 g6 12. Bh4 Bg7 13. Bg5 (13. Kf2 $11) 13... h6 $15 14. Bf4 dxe4 15. Nxe4 O-O 16. Rd1 (16. Bxh6 $2 Nf5 17. Qc3 Bxh6 $19) 16... Nd5 17. Qc1 f5 18. Nf2 Nxf4 19. Qxf4 Nf6 (19... Qe7 $5 ) 20. g3 Nd5 21. Qc1 Qg5 {[%emt 0:00:59] [#] ...Ne3+ is the strong threat.} 22. f4 Qh5 23. c4 Nf6 24. Qe3 c5 25. Kg2 (25. Qxe6+ $2 Kh8 26. Qe3 Rfe8 $19) 25... Rae8 26. dxc5 bxc5 27. Rd2 e5 28. Qxc5 (28. fxe5 $5 g5 29. Rf1 $11 (29. Qxc5 Ne4 $11)) 28... Rc8 (28... e4 29. Qe3 $14) (28... g5 $1 $11 29. fxg5 (29. fxe5 Ne4 $11) 29... hxg5) 29. Qxa7 ({Avoid the trap} 29. Qxe5 $2 Rfe8 30. g4 Qh4 $19) ({White should try} 29. Qe3 $1 $14) 29... e4 {[%emt 0:00:47] [#] aiming for ...Qf3+.} 30. Qe3 {[%emt 0:01:34] Prevents Qf3+.} (30. Nd4 Rf7 31. Qa6 Rd8 $19) 30... Rxc4 31. Qb3 Rfc8 (31... Kh7 $5) 32. Rc1 $2 {[%emt 0:00:19] Loses the game.} (32. Rhd1 $14 {keeps the upper hand.}) 32... Qf3+ $1 $19 33. Qxf3 exf3+ 34. Kxf3 {[%emt 0:00:12] And now Rxc4 would win.} Rxc1 35. Nxc1 Rxc1 36. a4 Kf7 37. Ke2 (37. Nd3 $142 Rf1+ 38. Rf2) 37... Ra1 38. b3 g5 39. Kd3 Bf8 40. Kc4 Rc1+ 41. Kb5 Rc5+ 42. Ka6 Rc3 43. Rd3 Rc2 44. fxg5 hxg5 ({And not} 44... Rxf2 45. gxf6 Kxf6 46. Kb5 $17) 45. Rf3 Ke6 46. Re3+ Kd5 47. Rd3+ Ke5 {[%emt 0:00:44] Black is clearly winning.} 48. Nd1 Bc5 {[%emt 0:07:37] Threatens to win with ...Nd5.} 49. Kb5 (49. Rc3 $142 Rxc3 50. Nxc3) 49... Bd4 {[%emt 0:00:50] Hoping for ...Ke4.} 50. Ne3 Rc5+ 51. Kb4 Ke4 {[%emt 0:00:37][%csl LRd3,LRe3] Weighted Error Value: White=0.57/Black=0.18 (very precise)} 0-1

[Event "Italian-ch Semifinal 2022"]
[Site "Acqui Terme"]
[Date "2022.06.15"]
[Round "1.4"]
[White "Lumachi, Gabriele"]
[Black "Pegno, Mattia"]
[Result "1-0"]
[ECO "D43"]
[WhiteElo "2347"]
[BlackElo "2065"]
[Annotator "TA"]
[PlyCount "71"]
[EventDate "2022.06.15"]
[EventType "swiss"]
[EventCountry "ITA"]
[SourceTitle "playchess.com"]
[Source "ChessBase"]
[SourceQuality "1"]
[TimeControl "40/5400+30:1800+30"]

1. d4 d5 2. c4 e6 3. Nf3 Nf6 4. Nc3 c6 5. Qd3 Be7 6. e4 {[%emt 0:00:30][%cal Be2e4,Be4e5][%mdl 32] D43: Semi-Slav: 5 Bg5 h6.} O-O {[%emt 0:00:28] [#]} 7. e5 $146 ({Predecessor:} 7. a3 b6 8. b3 Ba6 9. e5 Nfd7 10. h4 f6 11. exf6 Nxf6 12. Bg5 c5 13. Bxf6 Rxf6 {0-1 (49) Seidl,S (2212)-Tuma,J (2326) Czech Republic 2013}) 7... Nfd7 8. h4 {[%emt 0:00:11] next Ng5 is good for White. White is slightly better.} dxc4 9. Qxc4 h6 {[%emt 0:11:06] [#] Against Bg5} (9... c5 $11 {remains equal.}) 10. Be2 {[%emt 0:03:00] White is more active.} (10. Rh3 $1 $16) 10... b5 ({Black should try} 10... c5 $14) 11. Qb3 (11. Qd3 $16) 11... b4 (11... c5 $11) 12. Ne4 {[%emt 0:00:17] Black must now prevent Rh3.} (12. Na4 $5 ) 12... c5 $1 13. Nxc5 Nxc5 14. dxc5 Bxc5 15. Be3 (15. Ng5 {feels hotter.} Na6 16. Qg3 Kh8 17. Ne4) 15... Bxe3 16. Qxe3 Qb6 17. Rc1 Qxe3 (17... Bb7 $15 {feels stronger.}) 18. fxe3 $11 Bb7 19. Rc7 Be4 20. h5 a5 21. Rh4 Bd5 22. a3 bxa3 23. bxa3 Na6 24. Rc3 Rfb8 (24... Bb7 $11) 25. Ra4 $16 Rb1+ 26. Kf2 Rb6 (26... Rb2 $16) 27. Rxa5 $18 g5 $2 (27... Rb2 28. Nd4 Kf8) 28. Nh2 Kg7 (28... Rb2 $2 29. Ng4 Kg7 30. Nf6 $18) 29. Ng4 Nc7 $2 (29... Rb2 $2 30. Nf6 Bb7 31. Rb5 Rxb5 32. Bxb5 $18) (29... Bb7 30. Nf6 Rb2) 30. Rxa8 Nxa8 31. Nf6 {[%emt 0:00:10] [#] Rc8 would kill now.} Bc6 (31... Rb2 {leads to mate.} 32. Rc8 Rxe2+ 33. Kxe2) (31... Rb8 $142 32. a4 Nb6) 32. a4 {[%emt 0:01:01] aiming for a5.} Bb7 33. Bb5 g4 34. Rc4 g3+ 35. Kxg3 Kf8 36. Nd7+ {[%emt 0:00:31] Weighted Error Value: White=0.28 (precise) /Black=0.64} 1-0

[Event "Italian-ch Semifinal 2022"]
[Site "Acqui Terme"]
[Date "2022.06.15"]
[Round "1.5"]
[White "Miotto, Alberto"]
[Black "Carnicelli, Valerio"]
[Result "0-1"]
[ECO "E66"]
[WhiteElo "2039"]
[BlackElo "2319"]
[Annotator "TA"]
[PlyCount "88"]
[EventDate "2022.06.15"]
[EventType "swiss"]
[EventCountry "ITA"]
[SourceTitle "playchess.com"]
[Source "ChessBase"]
[SourceQuality "1"]
[TimeControl "40/5400+30:1800+30"]

1. d4 Nf6 2. c4 g6 3. Nc3 Bg7 4. Nf3 O-O 5. g3 d6 6. Bg2 c5 7. O-O Nc6 8. d5 Na5 9. Nd2 e6 10. Qc2 {[%emt 0:04:12] E66: King's Indian: Fianchetto: 6...c5 7 0-0 Nc6 8 d5.} Re8 11. Rb1 Rb8 (11... exd5 {is interesting.} 12. cxd5 b5 13. Nxb5 Rxe2 14. b4 cxb4 15. Rxb4 Bf5) 12. a3 {[%emt 0:05:13] [#] Black must now prevent b4. The position is equal.} exd5 13. cxd5 {[%emt 0:00:41] b4 is the strong threat.} c4 $1 14. b4 cxb3 $1 15. Nxb3 {[%emt 0:00:09] [#]} Bd7 $146 (15... Bf5 $5 16. e4 Bd7 $11) ({Predecessor:} 15... Bf5 16. e4 Bd7 17. Qd3 Ng4 18. Nxa5 Qxa5 19. Nb5 Qb6 20. h3 Nf6 21. Bf4 {0-1 (21) Pares Vives,N (2467)-Le Page,C (2209) ICCF email 2008}) 16. Nxa5 Qxa5 17. Bb2 (17. Rb3 {is more complex.} Ng4 18. Ne4 Ba4 19. Bf4) 17... Rbc8 {[%emt 0:02:19] Threatens to win with ...Bf5.} 18. Qd3 Qa6 {[%emt 0:07:43] Black is more active.} (18... Rc5 $17) 19. Qxa6 $11 bxa6 20. h3 Rc7 21. e3 Rec8 22. Ne2 Bf5 23. e4 (23. Rbd1 $1 $11) 23... Bxe4 $17 ({Weaker is} 23... Nxe4 24. Bxg7 Kxg7 25. g4 $15) 24. Bxe4 Nxe4 25. Bxg7 Kxg7 26. Rb4 Nf6 (26... Re7 $142 {And now ...Nd2 would win.} 27. Nf4 Nc3) 27. Ra4 Re8 (27... Rb7 $17 28. Rxa6 Rc2) 28. Nf4 $15 Re5 29. Rxa6 g5 (29... Nxd5 $17 30. Nd3 (30. Rxd6 Nxf4 31. gxf4 Rf5 $17) 30... Re6) 30. Ng2 $11 Ne4 31. Ne3 {[%emt 0:01:38] [#]} (31. Re1 $11 {keeps the balance.}) 31... Nxg3 $1 $17 32. Re1 (32. Rd1 Ne2+) 32... Nf5 $36 {[%emt 0:01:25][%mdl 2048] Black is in control.} ({And not} 32... Ne4 33. Ng4 Ree7 34. Rc6 $15) 33. Nxf5+ Rxf5 34. Rxd6 {[%emt 0:00:13][%mdl 4096] Endgame KRR-KRR} Rc2 {[%emt 0:00:28] Prevents Re2.} 35. Rd7 (35. Rf1 $17) 35... Rfxf2 $19 36. Ree7 (36. Rxa7 {keeps fighting.} Rg2+ 37. Kh1) 36... Kg6 37. Rxa7 Rg2+ 38. Kf1 (38. Kh1 $142 f6 39. Re3) 38... Rcf2+ 39. Ke1 Ra2 (39... Rh2 $142 {( -> ...Ra2)} 40. Kd1 Ra2 41. Ra6+ Kh5) 40. Kf1 Rgf2+ 41. Kg1 Rg2+ 42. Kf1 Rgd2 43. Ra6+ f6 44. d6 h5 {[%emt 0:01:16] Weighted Error Value: White=0.41/Black=0.45} 0-1

[Event "Italian-ch Semifinal 2022"]
[Site "Acqui Terme"]
[Date "2022.06.15"]
[Round "1.6"]
[White "Corvi, Marco"]
[Black "Cina`, Vittorio"]
[Result "1-0"]
[ECO "E18"]
[WhiteElo "2318"]
[BlackElo "2027"]
[Annotator "TA"]
[PlyCount "65"]
[EventDate "2022.06.15"]
[EventType "swiss"]
[EventCountry "ITA"]
[SourceTitle "playchess.com"]
[Source "ChessBase"]
[SourceQuality "1"]
[TimeControl "40/5400+30:1800+30"]

1. c4 e6 2. Nf3 Nf6 3. Nc3 b6 4. g3 Bb7 5. Bg2 Be7 6. O-O O-O 7. d4 Ne4 8. Nxe4 {[%emt 0:05:06] 8.Bd2 gains popularity.} Bxe4 9. d5 Bf6 10. a4 {[%emt 0:11:09] [#] E18: Queen's Indian: Old Main Line (4 g3 Bb7 5 Bg2 Be7 6 0-0 0-0 7 Nc3).} Na6 $146 ({Predecessor:} 10... a5 11. Nd4 Bxg2 12. Kxg2 Na6 13. e4 Nc5 14. Be3 Nxe4 15. Qc2 Nc5 16. Rad1 Qe7 17. Nb5 d6 18. Bxc5 bxc5 {½-½ (45) Belaja,N (2121)-Rakitskaja,M (2176) St Petersburg 2001}) 11. Nd4 Bxg2 12. Kxg2 {[%emt 0:00:03] Black has an edge.} Qe7 13. Nb5 (13. Nc2 $11) 13... Qc5 (13... exd5 $17 {Hoping for ...c6.} 14. cxd5 c6) 14. Qb3 $11 c6 15. Be3 Qb4 16. Qxb4 Nxb4 17. dxc6 dxc6 18. Nc3 Rfd8 19. Rfc1 c5 20. a5 Nc6 21. axb6 axb6 22. Bf4 Bxc3 23. Rxa8 Rxa8 24. Rxc3 {[%emt 0:00:04][%mdl 4096] Endgame KRB-KRN} e5 25. Be3 Ra4 26. g4 (26. Rd3 $11 Nd4 27. Bxd4 exd4 28. Rb3) 26... Kf8 (26... Na5 $15) 27. f4 (27. Rb3 $11) 27... Ke7 (27... Na5 $17 28. b3 Rb4) 28. Kf3 Rb4 29. b3 exf4 30. Kxf4 {[%emt 0:00:25] [#] aiming for Bd2.} Ke6 $2 (30... Na5 $15 {stays ahead.}) 31. Bd2 $18 Kf6 32. Rd3 g5+ 33. Ke4 {[%emt 0:00:25] Weighted Error Value: White=0.20 (precise) /Black=0.52} 1-0

[Event "Italian-ch Semifinal 2022"]
[Site "Acqui Terme"]
[Date "2022.06.15"]
[Round "1.7"]
[White "Cassi, Elisa"]
[Black "Bettalli, Francesco"]
[Result "0-1"]
[ECO "C60"]
[WhiteElo "1999"]
[BlackElo "2304"]
[Annotator "TA"]
[PlyCount "64"]
[EventDate "2022.06.15"]
[EventType "swiss"]
[EventCountry "ITA"]
[SourceTitle "playchess.com"]
[Source "ChessBase"]
[SourceQuality "1"]
[TimeControl "40/5400+30:1800+30"]

1. e4 e5 2. Nf3 Nc6 3. Bb5 Nge7 4. c3 g6 5. O-O Bg7 6. d4 exd4 7. cxd4 a6 $1 {[%emt 0:00:03][%mdl 4] now scores much better than the old 7...d5.} 8. Ba4 b5 {[%emt 0:00:04] C60: Ruy Lopez: Unusual Black 3rd moves and 3...g6.} 9. Bb3 O-O 10. Nc3 {[%emt 0:02:55] Inhibits d5.} d6 {[%emt 0:00:40] The position is equal.} 11. h3 {[%emt 0:01:05] Inhibits Bg4.} Na5 12. Bc2 c5 13. a4 b4 14. Ne2 h6 {[%emt 0:04:26] [#]} 15. Bf4 $146 ({Predecessor:} 15. b3 Nec6 16. Rb1 Re8 17. Bf4 cxd4 18. Nfxd4 Ne5 19. Qd2 g5 20. Be3 Rb8 21. Ng3 {½-½ (51) Murzin,V (2478)-Ponkratov,P (2619) Cheboksary 2021}) 15... Qb6 16. dxc5 dxc5 {[%emt 0:00:09][%cal Bd6c5,Bc5c4][%mdl 32] Strongly threatening ...b3.} 17. Qd6 {[%emt 0:01:18] [#]} (17. Qc1 $11) 17... Nec6 $1 $17 18. Rad1 $2 {[%emt 0:03:06] This costs White the game.} (18. Be3 $17 {was necessary.} Rd8 19. Qxc5 Qxc5 20. Bxc5) 18... Nc4 $19 19. Qc7 Qxc7 ({Not} 19... Bxb2 20. Qxb6 Nxb6 21. Be3 $11) 20. Bxc7 Nxb2 ({And not} 20... Bxb2 21. Rd5 Bb7 22. Rxc5 $15) 21. Rd5 c4 {[%emt 0:00:39] ...b3 is the strong threat.} 22. Rc5 (22. e5 $142) 22... Bb7 23. e5 Rfc8 24. Bd6 b3 25. Be4 Nd8 {[%emt 0:00:09] Black is clearly winning.} 26. Nc3 Rxc5 27. Bxc5 Bxe4 28. Nxe4 Nxa4 29. Nfd2 Nxc5 30. Nxc5 Rc8 31. Nxa6 Bxe5 32. Rb1 Bf4 {[%emt 0:00:35] Weighted Error Value: White=0.69/Black=0.03 (flawless)} 0-1

[Event "Italian-ch Semifinal 2022"]
[Site "Acqui Terme"]
[Date "2022.06.15"]
[Round "1.8"]
[White "Boraso, Alessio"]
[Black "Duraccio, Walter Mattia"]
[Result "1-0"]
[ECO "B14"]
[WhiteElo "2287"]
[BlackElo "1963"]
[Annotator "TA"]
[PlyCount "167"]
[EventDate "2022.06.15"]
[EventType "swiss"]
[EventCountry "ITA"]
[SourceTitle "playchess.com"]
[Source "ChessBase"]
[SourceQuality "1"]
[TimeControl "40/5400+30:1800+30"]

1. e4 c6 2. d4 d5 3. exd5 cxd5 4. c4 Nf6 5. Nc3 e6 6. Nf3 Bb4 {[%emt 0:00:10] 6...Bb4 is better than 6...Be7.} 7. Bd2 O-O 8. a3 Be7 {[%emt 0:04:27] B14: Caro-Kann: Panov-Botvinnik Attack with 5...e6 and 5...g6.} 9. cxd5 Nxd5 10. Bd3 b6 (10... Nc6 $11) 11. Qc2 $14 h6 12. Nxd5 exd5 13. O-O Bb7 {[%emt 0:02:27] [#]} 14. Ne5 $146 ({Predecessor:} 14. Rac1 Nc6 15. Qa4 Qd6 16. Bb1 Rac8 17. Qc2 g6 18. Qd3 h5 19. b4 a6 20. Bh6 {½-½ (69) Ostenstad,B (2448)-Haug,J (2363) Norway 2018}) 14... Nd7 15. Nc6 {[%emt 0:04:37] 0x0.0022fae8f672dp-1022s more active pieces. The black rooks are badly placed.} Bxc6 16. Qxc6 Nf6 17. Ba6 {[%emt 0:04:30] This bishop pair is nice.} Bd6 18. g3 Re8 19. Rfe1 Ne4 20. Be3 ({Reject} 20. Qxd5 Nxd2 21. Rxe8+ Qxe8 $11) 20... Qf6 21. Qxd5 Rad8 22. Qh5 Bf8 23. Be2 Rxd4 24. Bxd4 Qxd4 {[%emt 0:00:07] [#]} 25. Rf1 (25. Qf3 $1 $16) 25... Bc5 (25... Nd2 $14) 26. Rad1 Qxb2 {[%emt 0:01:41] aiming for ...g6.} 27. Rd7 g6 {[%emt 0:02:17] [#]} 28. Qd5 Nd6 29. Bd3 Re1 30. Qf3 $36 {[%emt 0:00:28][%mdl 2048] White is really pushing. The board is on fire.} Rxf1+ 31. Bxf1 Qxa3 $2 (31... a5 $16) 32. Qxa3 $2 (32. Qf6 $18 {is the precise move to win. Rd8+ would kill now.} Qa4 33. Rd8+ Ne8 34. Qe5) 32... Bxa3 33. Rxa7 {[%emt 0:00:09][%mdl 4096] Endgame KRB-KBN} Bc5 34. Bd3 Kg7 35. Kg2 Kf6 36. f4 Ke6 37. Bc2 f5 $2 (37... Kd5 $16 {was necessary.} 38. Bb3+ Kc6) 38. Bb3+ $18 Kf6 39. Rh7 h5 $2 (39... Bd4 40. Bd5 (40. Rxh6 Kg7 $18) 40... h5) 40. Kf3 Bg1 41. Kg2 $2 (41. h3 $18) 41... Be3 $2 (41... Bc5 $11 {and Black is okay.}) 42. Kf3 Bg1 43. Ke2 b5 $2 (43... Bd4 {is tougher.} 44. Bd5 Bc5) 44. h4 Bb6 45. Rd7 {[%emt 0:00:35] Against Bd8} Bc5 46. Bd5 Ba3 47. Kd3 Bc5 48. Kc2 {[%emt 0:00:11] And now Kb3 would win.} Ba3 49. Kb3 Bc5 50. Ka2 {[%emt 0:07:41] Hoping for Kb3.} Bb4 51. Kb1 {[%emt 0:05:21] Strongly threatening Ka2.} Ba3 52. Kc2 Bb4 53. Kb2 {[%emt 0:02:46] Ka2 is the strong threat.} Nc4+ 54. Kb3 Be7 55. Bxc4 bxc4+ 56. Kxc4 {[%emt 0:00:04] White wants to mate with Rc7. KR-KB} Ba3 57. Ra7 Bd6 58. Kd5 (58. Ra6 $142 Ke6 59. Kd4 Kd7 60. Kd5 Bb4 61. Rxg6 Bd2 62. Rg7+ Kd8 63. Ke6) 58... Bb4 59. Rb7 (59. Ra1 $142 {Black must now prevent Rc1.} Bd2 60. Rb1) 59... Be1 60. Rb3 Bf2 61. Kd6 Bd4 62. Kd7 Kf7 63. Rf3 Ba7 64. Rf1 Bd4 65. Kd6 Kf6 66. Kd5 Be3 67. Ra1 {[%emt 0:00:21] White threatens Ra2 and mate.} Bf2 68. Ra6+ Kf7 (68... Kg7 $18 69. Ra3 Kf6) 69. Ke5 Kg7 70. Ra3 Kf7 71. Rb3 Kg7 72. Rd3 Be1 73. Ke6 Bf2 74. Ra3 (74. Rd7+ $142 Kh6 75. Kf7 Kh7 76. Kf6+ Kh6 77. Rd8 Kh7 78. Kg5 Kg7 79. Rd7+ Kf8 80. Kxg6) 74... Bg1 (74... Bd4 $18 75. Rd3 Ba1) 75. Rf3 (75. Ke5 $142 Bf2 76. Rb3 Kf7 77. Rb7+ Kg8 78. Kf6 Bxg3 79. Kxg6 Bxf4 80. Kxh5) 75... Bd4 76. Rf1 Be3 $2 (76... Kg8 $18 77. Rc1 Kf8 78. Rc8+ Kg7 79. Rc7+ Kg8 80. Rc8+ Kg7 81. Rc7+ Kg8 82. Rc8+ Kg7) 77. Rd1 Bf2 78. Rd3 Be1 79. Rd7+ Kh6 80. Rd3 Kg7 $1 81. Rb3 {[%emt 0:00:03] White mates.} Bf2 82. Rb7+ Kh6 83. Kf7 Bxg3 84. Kg8 {[%emt 0:00:48] Weighted Error Value: White=0.36/Black=0.44} 1-0

[Event "Italian-ch Semifinal 2022"]
[Site "Acqui Terme"]
[Date "2022.06.15"]
[Round "1.9"]
[White "Floris, Federico"]
[Black "Palozza, Christian"]
[Result "1/2-1/2"]
[ECO "B15"]
[WhiteElo "1950"]
[BlackElo "2284"]
[Annotator "TA"]
[PlyCount "110"]
[EventDate "2022.06.15"]
[EventType "swiss"]
[EventCountry "ITA"]
[SourceTitle "playchess.com"]
[Source "ChessBase"]
[SourceQuality "1"]
[TimeControl "40/5400+30:1800+30"]

1. e4 c6 2. d4 d5 3. Nc3 dxe4 4. Nxe4 Nf6 5. Nxf6+ exf6 6. c3 Bd6 7. Bd3 O-O 8. Qc2 {[%emt 0:00:05] Active counter play!} Re8+ {[%emt 0:00:04] B15: Caro-Kann: 3 Nc3: 3...g6 and 3...dxe4 4 Nxe4 Nf6 5 Nxf6+ exf6.} 9. Ne2 h5 (9... f5 $5) 10. O-O h4 {[%emt 0:00:33] White is slightly better.} 11. Bf4 Na6 (11... Rxe2 $2 12. Qxe2 Bxf4 13. Qe4 $18) 12. Rae1 Nc7 (12... Rxe2 $2 13. Qxe2 Bf5 14. Bxf5 $18) 13. Qd2 Be6 {[%emt 0:10:29] [#]} 14. Bb1 $146 ({Predecessor:} 14. b3 a5 15. Bxd6 Qxd6 16. Qf4 Qxf4 17. Nxf4 a4 18. Nxe6 Rxe6 19. Bc4 Nd5 20. Bxd5 cxd5 21. bxa4 Rxa4 {½-½ (70) Arjun,K (2445)-Buhmann,R (2581) Karlsruhe 2019}) 14... Bc4 15. Bxd6 Qxd6 16. b3 Bxe2 17. Rxe2 Rxe2 18. Qxe2 g6 19. Qg4 (19. Qd2 $11) 19... Kg7 $15 20. Qxh4 (20. c4 $15 {should be considered.}) 20... Nd5 21. c4 Rh8 22. Qg3 Nf4 23. Re1 {[%emt 0:04:44] Inhibits Ne2+.} Qxd4 {[%emt 0:04:03][%cal Of4e2] [#] ...Ne2+! is the strong threat.} 24. Qe3 {[%emt 0:09:22] Inhibits Ne2+.} Qd6 25. g3 Ne6 26. Be4 Nd4 27. Rd1 Rd8 28. Kh1 b6 29. b4 c5 30. bxc5 Qxc5 {[%emt 0:00:27] Threatens to win with ...Nf5.} 31. Bd5 Ne6 32. Re1 Qxe3 33. Rxe3 $11 {[%emt 0:00:07][%mdl 4096] Endgame KRB-KRN} Nc5 34. Re7 Rd7 35. Rxd7 Nxd7 {[%emt 0:00:01] KB-KN} 36. Kg2 f5 37. Kf3 Nf6 38. h4 Ng4 39. Ke2 Kf6 (39... Ne5 $11) 40. f3 $1 $14 Ne5 41. Ke3 ({Better is} 41. Kd2 $1 $14) 41... Nd7 $11 42. Kd4 Ke7 43. g4 (43. Kc3 $1 $14) 43... fxg4 44. fxg4 Nf6 45. Bf3 Kd6 46. h5 gxh5 47. gxh5 {[%emt 0:00:05] Strongly threatening h6.} Ng8 48. Bd5 Nh6 49. Ke4 f6 50. Kf4 Kc5 51. Ke4 Kd6 52. Kf4 Kc5 53. Ke4 a5 $2 {[%emt 0:00:35] [#]} (53... Kd6 $11) 54. Be6 $1 $18 Kd6 55. Bd5 Kc5 {[%emt 0:02:58] Weighted Error Value: White=0.13 (very precise) /Black=0.16 (very precise)} 1/2-1/2